 Dungeon Crawl Stone Soup version 0.28-a0-1143-gcf6077d4cc (webtiles) character file.

Game seed: 13013570461882747850

264 leviel the Chopper (level 6, -15/53 HPs)
             Began as a Hill Orc Fighter on Dec 13, 2021.
             Killed by an exploding gnoll (33 damage)
             ... ignited by their inner flame
             ... on level 3 of the Dungeon.
             The game lasted 00:02:24 (2765 turns).

leviel the Chopper (Hill Orc Fighter)               Turns: 2765, Time: 00:02:24

Health: -15/53     AC: 10    Str: 21    XL:     6   Next: 19%
Magic:  6/6        EV: 10    Int:  8    God:
Gold:   97         SH:  4    Dex: 10    Spells: 5/5 levels left

rFire   . . .      SeeInvis .   a - +4 war axe
rCold   . . .      Faith    .   c - +0 buckler
rNeg    . . .      Spirit   .   b - +0 scale mail
rPois   .          Reflect  .   (no helmet)
rElec   .          Harm     .   (no cloak)
rCorr   .          Rampage  .   f - +2 pair of gloves
Will    .....                   (no boots)
Stlth   ..........              (no amulet)
HPRegen 0.17/turn               (no ring)
MPRegen 0.10/turn               (no ring)

@: no status effects
A: no striking features
a: no special abilities


You were on level 3 of the Dungeon.
You visited 1 branch of the dungeon, and saw 3 of its levels.

You collected 97 gold pieces.

Inventory:

Hand Weapons
 a - a +4 war axe (weapon)
Armour
 b - a +0 scale mail (worn)
 c - a +0 buckler (worn)
 f - a +2 pair of gloves (worn)
Jewellery
 j - a +4 ring of evasion
Scrolls
 e - 3 scrolls of identify {@r1}
 h - 2 scrolls of blinking
 i - a scroll of immolation
Potions
 d - a potion of curing {unknown}
 g - a potion of degeneration {unknown}


   Skills:
 + Level 4.5 Fighting
 + Level 5.9 Axes
 + Level 4.5 Armour
 + Level 0.6 Dodging
 + Level 0.5 Stealth
 + Level 3.8 Shields


You had 5 spell levels left.
You didn't know any spells.
Your spell library contained the following spells:

 Spells                   Type           Power      Damage    Failure   Level
 Ozocubu's Armour         Ice            0%         N/A       98%         3
 Ozocubu's Refrigeration  Ice            0%         4d5       100%        7


Dungeon Overview and Level Annotations

Branches:
Dungeon (3/15)

Altars:


Message History

k - a scroll of enchant weapon {@r3} You see here a bat corpse.
Items here: )))))) [[.
Things that are here:
a +0 whip; a +0 trident
Things that are here:
a +0 hand axe of pain; a +0 leather armour A gnoll comes into view.
It is wielding a +4 halberd.
The gnoll shouts!
A gnoll comes into view. It is wielding a +2 halberd of flaming.
As you read the scroll of enchant weapon {@r3}, it crumbles to dust.
Your +3 war axe glows red for a moment.
The gnoll shouts!
You hear a shout!
A gnoll comes into view. It is wielding a +0 flail.
A gnoll shaman comes into view. It is wielding a +0 club.
As you read the scroll labelled KUDERU JEOLIVVOST, it crumbles to dust.
The creatures around you are filled with an inner flame!
It was a scroll of immolation.
Found a stone staircase leading down.
You block the gnoll's attack.
An endoplasm comes into view.
A gnoll comes into view. It is wielding a +0 club.
The gnoll shouts!
The gnoll barely misses you. The gnoll misses you.
You slash the gnoll shaman!
Flame seeps out of the gnoll shaman.
The gnoll shaman is severely wounded.
You closely miss the gnoll. The gnoll hits you with a +4 halberd!
You block the gnoll's attack. x2
You slash the gnoll shaman!
Flame seeps out of the gnoll shaman.
The gnoll shaman is almost dead.
You hit the gnoll.
Flame seeps out of the gnoll.
The gnoll shaman is engulfed in blazing flames.
The gnoll shaman explodes!
The fiery explosion engulfs the gnoll!!
The fiery explosion engulfs the gnoll!!!
The fiery explosion engulfs you!!
The fiery explosion engulfs the gnoll!!!
You kill the gnoll!
The gnoll explodes!
The fiery explosion engulfs you!!
Ouch! That really hurt!
You die...

######.##..#####
#.........#
#.####.##.##
#.#...# #.#...#
#.#...# #.#...#
#.#...# #@#...#
....g§°○##.##
.....§§§§#.#
.......#.#
...J... ..
....... #..
##.#### .> ..
###


You could see a gnoll and an endoplasm.

Vanquished Creatures
  An ogre (D:3)
  A scorpion (D:3)
  A gnoll shaman (D:3)
  7 gnolls
  5 worms
  A dart slug (D:1)
  8 orcs (D:3)
  5 ball pythons
  6 bats
  6 endoplasms
  4 giant cockroaches
  4 goblins (D:1)
  4 hobgoblins
  2 jackals (D:2)
  A quokka (D:2)
  7 frilled lizards
  4 kobolds
  4 rats
71 creatures vanquished.

Vanquished Creatures (others)
  A plant (D:1)
1 creature vanquished.

Grand Total: 72 creatures vanquished

Notes
Turn   | Place    | Note
-------+----------+-------------------------------------------
     0 | D:1      | leviel the Hill Orc Fighter began the quest for the Orb.
     0 | D:1      | Reached XP level 1. HP: 19/19 MP: 1/1
   216 | D:1      | Reached XP level 2. HP: 27/27 MP: 2/2
   627 | D:1      | Reached skill level 3 in Axes
   704 | D:1      | Found a faded altar of an unknown god.
   713 | D:1      | Reached XP level 3. HP: 32/33 MP: 3/3
  1228 | D:2      | Reached skill level 4 in Axes
  1228 | D:2      | Reached XP level 4. HP: 25/40 MP: 4/4
  2043 | D:3      | Noticed an ogre
  2050 | D:3      | Killed an ogre
  2051 | D:3      | Reached skill level 5 in Axes
  2051 | D:3      | Reached XP level 5. HP: 46/47 MP: 5/5
  2264 | D:3      | Reached XP level 6. HP: 26/53 MP: 6/6
  2765 | D:3      | Killed by an exploding gnoll... ignited by their inner
                  | flame

Illustrated notes

Levels and vault maps discovered:
D:1:      co_arrival_square_in_a_square_in_a_square, layout_basic,
          dreamdust_ecumenical_altar_grove, solitary_fountain
D:2:      layout_basic
D:3:      layout_basic

Skill      XL: |  1  2  3  4 |
---------------+-------------+-----
Fighting       | 4 |  4.5
Axes           | 3 4 5 |  5.9
Armour         | 4 |  4.5
Dodging        | |  0.6
Stealth        | |  0.5
Shields        | |  3.8

Action                   |  1- 3 |  4- 6 || total
-------------------------+-------+-------++-------
Melee: War axe           |    69 |    92 ||   161
  Use: Scroll            |     3 |     3 ||     6
       Potion            |     1 |       ||     1
Armor: Scale mail        |    35 |    31 ||    66
Dodge: Dodged            |    30 |    42 ||    72
Block: Buckler           |     4 |    26 ||    30

Table legend: (Time is in decaauts)
 A = Elapsed time spent in this place.
 B = Non-inter-level travel time spent in this place.
 C = Inter-level travel time spent in this place.
 D = Time resting spent in this place.
 E = Time spent auto-exploring this place.
 F = Levels seen in this place.
 G = Mean time per level.
                   A        B        C        D        E       F      G
               +--------+--------+--------+--------+--------+-----+--------+
         Total |   2813 |   2774 |     39 |    202 |   2138 |   3 |  937.7 |
       Dungeon |   2813 |   2774 |     39 |    202 |   2138 |   3 |  937.7 |
               +--------+--------+--------+--------+--------+-----+--------+

Top non-repeatable levels by time:
     D:1: 1000 daAuts
     D:2: 994 daAuts
     D:3: 818 daAuts
